 Dungeon Crawl Stone Soup version 0.20-a0-910-gb611367 (webtiles) character file.

121 Rrauwl the Chopper (level 5, -2/33 HPs)
             Began as a Tengu Monk on Mar 22, 2017.
             Slain by an orc wizard
             ... wielding a +0 dagger
              (6 damage)
             ... on level 3 of the Dungeon.
             The game lasted 00:06:49 (1981 turns).

Rrauwl the Chopper (Tengu Monk)                     Turns: 1981, Time: 00:06:49

Health: -2/33      AC:  2    Str: 12    XL:     5   Next: 5%
Magic:  8/8        EV: 16    Int: 11    God:
Gold:   153        SH:  5    Dex: 16    Spells: 7/7 levels left

rFire    . . .     SeeInvis .   a - +0 hand axe
rCold    . . .     Gourm    .   b - +0 robe
rNeg     . . .     Faith    .   e - +2 buckler
rPois    .         Spirit   .   (helmet restricted)
rElec    .         Reflect  .   (no cloak)
rCorr    .         Harm     .   (no gloves)
MR       .....                  (boots unavailable)
Stlth    ++........             (no amulet)
Regen    0.2/turn               (no ring)
MPRegen  0.2/turn               d - +3 ring of evasion

@: no status effects
A: beak, talons 3, able to fly 1
a: Fly


You were on level 3 of the Dungeon.
You were hungry.

You visited 1 branch of the dungeon, and saw 3 of its levels.

You collected 153 gold pieces.

Inventory:

Hand Weapons
 a - a +0 hand axe (weapon)
Armour
 b - a +0 robe (worn)
 e - a +2 buckler (worn)
Jewellery
 d - a +3 ring of evasion (left hand)
Scrolls
 g - 4 scrolls of remove curse
 h - a scroll of magic mapping {unknown}
 l - a scroll of identify {unknown}
 n - a scroll of teleportation {unknown}
Potions
 f - a potion of lignification {unknown}
 j - a potion of degeneration {unknown}
 k - a potion of agility {unknown}
 m - a potion of brilliance {unknown}
 p - a potion of curing {unknown}
Comestibles
 c - 3 bread rations
 i - 2 meat rations


   Skills:
 + Level 4.0 Fighting
 + Level 4.5 Axes
 - Level 3.2 Dodging
 - Level 2.0 Stealth
 + Level 1.9 Spellcasting


You had 7 spell levels left.
You didn't know any spells.

Dungeon Overview and Level Annotations

Branches:
Dungeon (3/15)

Altars:
The Shining One


Innate Abilities, Weirdness & Mutations

You have a beak for a mouth.
You have claws for feet.
You can fly.


Message History

You closely miss the orc. You block the orc wizard's attack.
The orc closely misses you.
You hit the orc wizard.
You claw the orc wizard, but do no damage.
The orc wizard is heavily wounded.
You hit the orc but do no damage.
The orc wizard miscasts a cantrip.
You block the orc's attack.
You hit the orc wizard.
You claw the orc wizard, but do no damage.
The orc wizard is severely wounded.
You barely miss the orc. You block the orc wizard's attack.
The orc hits you with a falchion!
* * * LOW HITPOINT WARNING * * *
You barely miss the orc wizard.
You claw the orc wizard, but do no damage.
You peck the orc wizard.
The orc wizard is severely wounded.
You closely miss the orc. The orc wizard hits you with a dagger.
You die...

######################
......o@..............
......o#.[.........#
#....#.#.#####..##.##
+... '..............+
#.. .#.#.#####..##.##
#. ..#.#.# ##.##.# #
.. #.#.# #.)#.# ...
#.#.# #..#.# #.#
#..#.#####


You could see an orc wizard and an orc.

Vanquished Creatures
  4 adders (D:2)
  A gnoll (D:1)
  A worm (D:2)
  3 dart slugs (D:1)
  3 leopard geckos
  3 orcs (D:3)
  A ball python (D:2)
  3 giant cockroaches
  2 goblins
  10 hobgoblins
  7 jackals (D:2)
  A quokka (D:2)
  A bat (D:1)
  5 frilled lizards
  8 kobolds (D:2)
  5 rats (D:2)
  A plant (D:2)
59 creatures vanquished.

Notes
Turn   | Place    | Note
-------+----------+-------------------------------------------
     0 | D:1      | Rrauwl the Tengu Monk began the quest for the Orb.
     0 | D:1      | Reached XP level 1. HP: 14/14 MP: 2/2
   136 | D:1      | Reached XP level 2. HP: 16/19 MP: 2/4
   150 | D:1      | Reached skill level 1 in Spellcasting
   199 | D:1      | Found a glowing golden altar of the Shining One.
   207 | D:1      | Reached XP level 3. HP: 11/23 MP: 5/5
  1059 | D:2      | Reached XP level 4. HP: 15/29 MP: 7/7
  1944 | D:3      | Gained mutation: You can fly. [Tengu growth]
  1944 | D:3      | Reached XP level 5. HP: 32/33 MP: 8/8
  1981 | D:3      | Slain by an orc wizard

Vault maps used:
D:1:      minmay_arrival_glassed_features, tso_metal_star
D:2:      lexackson_kobold_supper
D:3:      first_bread, nicolae_dithmenos_shadow_blocks

Skill      XL: |  1  2  3  4 |
---------------+-------------+-----
Spellcasting   | 1 |  1.9
Axes           | 4 |  4.5
Fighting       | 4 |  4.0
Dodging        | |  3.2
Stealth        | |  2.0

Action                   |  1- 3 |  4- 6 || total
-------------------------+-------+-------++-------
Melee: Hand axe          |    76 |   101 ||   177
       Kick              |    22 |    28 ||    50
       Peck              |    11 |    29 ||    40
  Use: Scroll            |       |     2 ||     2
 Stab: Sleeping          |     5 |     2 ||     7
  Eat: Chunk             |       |     3 ||     3
Armor: Robe              |     5 |     7 ||    12
Dodge: Dodged            |    45 |    63 ||   108
Block: Buckler           |       |    14 ||    14
